 Dungeon Crawl Stone Soup version 0.31-a0-1522-g43313d8a59 (webtiles) character file.

Game seed: 9860418987026259334

2 AstroCodex24 the Trooper (level 1, -2/18 HPs)
             Began as a Demigod Fighter on Dec 30, 2023.
             Slain by Terence
             ... wielding a +0 short sword
              (3 damage)
             ... on level 3 of the Dungeon.
             The game lasted 00:00:52 (204 turns).

AstroCodex24 the Trooper (Demigod Fighter)           Turns: 204, Time: 00:00:54

Health: -2/18      AC:  6    Str: 17    XL:     1   Next: 26%
Magic:  3/3        EV:  9    Int: 10    God:
Gold:   18         SH:  4    Dex: 13    Spells: 0/0 levels left

rFire   . . .        a - +0 war axe
rCold   . . .        c - +0 buckler
rNeg    . . .        b - +0 scale mail
rPois   .            (no helmet)
rElec   .            (no cloak)
rCorr   .            (no gloves)
SInv    .            (no boots)
Will    .....        (no amulet) Stlth
                     (no ring)
HPRegen 0.23/turn    (no ring)
MPRegen 0.08/turn

%: no passive effects
@: no status effects
A: high MP 1, forlorn, divine attributes
a: no special abilities


You were on level 3 of the Dungeon.
You visited 1 branch of the dungeon, and saw 3 of its levels.

You collected 18 gold pieces.

Inventory:

Hand Weapons
 a - a +0 war axe (weapon)
Armour
 b - a +0 scale mail (worn)
 c - a +0 buckler (worn)
Scrolls
 g - a scroll of revelation {unknown}
 h - a scroll of identify {unknown}
Potions
 d - a potion of might
 e - a potion of heal wounds {unknown}
 f - a potion of degeneration {unknown}
 i - a potion of invisibility {unknown}


   Skills:
 + Level 2.7 Fighting
 + Level 1.8 Axes
 + Level 2.7 Armour
 + Level 2.7 Shields


You couldn't memorise any spells.
You didn't know any spells.
Your spell library was empty.

Dungeon Overview and Level Annotations

Branches:
Dungeon (3/15)

Annotations:
D:3 Terence


Innate Abilities, Weirdness & Mutations

You have an increased reservoir of magic. (+10% MP)
You shall have no god before yourself.
Your divine heritage dramatically boosts your attributes as you level up.


Message History

Terence is heavily wounded.
A hobgoblin comes into view.
Terence hits you with a +0 short sword.
You barely miss Terence.
Terence is heavily wounded.
The hobgoblin shouts!
Terence hits you with a +0 short sword. Terence barely misses you.
You hit Terence but do no damage.
Terence is heavily wounded.
You block Terence's attack.
You hit Terence but do no damage.
Terence is heavily wounded.
Terence hits you with a +0 short sword. Terence barely misses you.
You hit Terence but do no damage.
Terence is heavily wounded.
Terence hits you but does no damage.
You hit Terence but do no damage.
Terence is heavily wounded.
You block Terence's attack. Terence hits you with a +0 short sword.
You hit Terence.
Terence is heavily wounded.
Terence hits you but does no damage.
You barely miss Terence.
Terence is heavily wounded.
Terence barely misses you. Terence closely misses you.
You closely miss Terence.
Terence is heavily wounded.
Terence hits you with a +0 short sword.
* * * LOW HITPOINT WARNING * * *
You hit Terence.
Terence is heavily wounded.
Terence hits you with a +0 short sword.
* * * LOW HITPOINT WARNING * * *
You hit Terence but do no damage.
Terence is heavily wounded.
Terence hits you with a +0 short sword.
* * * LOW HITPOINT WARNING * * *
Terence hits you with a +0 short sword.
You die...
Terence says, "Time to find some more victims."

#.#..+##+##+##'##+
######.#.## ....#....(#
.......#.# ..#.....#
.#######.####+##'##'###
.#<...##............#
.####.########.######
.#...†....####.## #####
.#.#............##g!....
.#.#..........#.@@B.....
.#............####......
.###.......... .....
...'.......... ....
####.......... ###
###########


You could see Terence, a bombardier beetle and a hobgoblin.

Vanquished Creatures
  A giant cockroach (D:2)
  A ball python (D:3)
  A rat (D:3)
3 creatures vanquished.

Notes
Turn   | Place    | Note
-------+----------+-------------------------------------------
     0 | D:1      | AstroCodex24 the Demigod Fighter began the quest for the
                  | Orb.
     0 | D:1      | Reached XP level 1. HP: 18/18 MP: 3/3
   192 | D:3      | Noticed Terence
   192 | D:3      | Noticed a bombardier beetle
   204 | D:3      | Slain by Terence

Illustrated notes

Levels and vault maps discovered:
D:1:      dpeg_arrival_water_fire, layout_loops_ring,
          shapermc_ecumenical_altar_pompeii, minivault_26
D:2:      cheibrodos_old_hovel, layout_loops_ring
D:3:      layout_basic, mainiacjoe_overflow_24_doors, uniq_terence

Action                     || total
---------------------------++-------
  Melee: War axe           ||    20
 Armour: Scale mail        ||    13
  Dodge: Dodged            ||    11
  Block: Buckler           ||     6

Table legend: (Time is in decaauts)
 A = Elapsed time spent in this place.
 B = Non-inter-level travel time spent in this place.
 C = Inter-level travel time spent in this place.
 D = Time resting spent in this place.
 E = Time spent auto-exploring this place.
 F = Levels seen in this place.
 G = Mean time per level.
                   A        B        C        D        E       F      G
               +--------+--------+--------+--------+--------+-----+--------+
         Total |    211 |    211 |      0 |      0 |      0 |   3 |   70.3 |
       Dungeon |    211 |    211 |      0 |      0 |      0 |   3 |   70.3 |
               +--------+--------+--------+--------+--------+-----+--------+

Top non-repeatable levels by time:
     D:3: 120 daAuts
     D:1: 63 daAuts
     D:2: 28 daAuts
